cohdb
Replays
Latest Replays
All Replays
Popular Replays
Top Player Replays
Match Explorer
How It Works
Community
CoH3 Stats
Reddit
Sign in to upload your games and track your stats! →
Sign in with Steam
Match 45843260
Unlisted
Match 45843260
Overview
Messages
Build Orders
End
Pioneer Squad
Construct Infanterie Kompanie
Selects Breakthrough Battlegroup
Selects Assault Grenadiers
Grenadier Squad
Grenadier Squad
MG 42 Machine Gun Team
Grenadier Squad
MG 42 Machine Gun Team
Infanterie Officer Quarters
Selects Breakthrough
Construct Panzergrenadier Kompanie
Pioneer Squad
Pioneer Squad
Pak 40 Anti-tank Gun Team
Panzergrenadier Squad
Selects Mechanized Assault Group
Pak 40 Anti-tank Gun Team
Panzergrenadier Squad
Construct Panzer Kompanie
Selects Rapid Production
Selects Blitzkrieg
Pak 40 Anti-tank Gun Team
Pak 40 Anti-tank Gun Team
Sturmpanzer IV Brummbär
CommieRed
Thank You Chef
AndreiM2006
C. Troy
0
0
Comments
sign in to comment!
No comments posted yet!